 Dungeon Crawl Stone Soup version 0.29.1-15-g9cfb28693d (webtiles) character file.

Game seed: 14566840935589909694

18 booth the Chopper (level 2, 0/22 HPs)
             Began as a Demonspawn Gladiator on Apr 24, 2023.
             Was a Follower of Okawaru.
             Slain by a jackal (2 damage)
             ... on level 1 of the Dungeon.
             The game lasted 00:02:25 (307 turns).

booth the Chopper (Demonspawn Gladiator)             Turns: 307, Time: 00:02:25

Health: 0/22       AC:  3    Str: 14    XL:     2   Next: 48%
Magic:  2/2        EV: 12    Int:  9    God:    Okawaru [*.....]
Gold:   8          SH:  0    Dex: 14    Spells: 1/1 levels left

rFire   . . .      SeeInvis .   a - +0 war axe
rCold   . . .      Faith    .   (no shield)
rNeg    . . .      Spirit   .   b - +0 leather armour
rPois   .          Reflect  .   (helmet restricted)
rElec   .          Harm     .   (no cloak)
rCorr   .          Rampage  .   (no gloves)
Will    .....                   (no boots)
Stlth   +.........              (no amulet)
HPRegen 0.07/turn               (no ring)
MPRegen 0.08/turn               (no ring)

@: no status effects
A: antennae 1
a: Renounce Religion, Heroism


You were on level 1 of the Dungeon.
You worshipped Okawaru.
Okawaru was aware of your devotion.
You visited 1 branch of the dungeon, and saw 1 of its levels.

You collected 8 gold pieces.

Inventory:

Hand Weapons
 a - a +0 war axe (weapon)
Missiles
 d - 3 throwing nets (quivered)
 e - a javelin
 h - 3 poisoned darts
Armour
 b - a +0 leather armour (worn)
Scrolls
 f - a scroll of immolation {unknown}
 g - a scroll of identify {unknown}
 j - a scroll of noise {unknown}
Potions
 c - a potion of flight {unknown}
 i - a potion of resistance {unknown}


   Skills:
 + Level 2.3 Fighting
 * Level 3.0 Axes
 + Level 2.1 Throwing
 + Level 2.9 Dodging


You had one spell level left.
You didn't know any spells.
Your spell library was empty.

Dungeon Overview and Level Annotations

Branches:
Dungeon (1/15)

Altars:
Okawaru


Innate Abilities, Weirdness & Mutations

You have a pair of small antennae on your head.


Message History

The jackal misses you.
Things that are here:
a rat corpse; a jackal corpse You barely miss the jackal.
You hit the jackal. The jackal bites you. x2
The jackal barely misses you. The jackal bites you.
* * * LOW HITPOINT WARNING * * *
You hit the jackal but do no damage. You hit the jackal.
You kill the jackal!
Okawaru accepts your kill. The jackal closely misses you. x2
You closely miss the jackal. The jackal bites you.
* * * LOW HITPOINT WARNING * * *
The jackal closely misses you.
You barely miss the jackal. The jackal barely misses you.
The jackal bites you but does no damage.
You slash the jackal!
You kill the jackal!
Okawaru accepts your kill.
Your Axes skill increases to level 3!
You start resting.
A jackal comes into view.
A kobold comes into view. It is wielding a +0 dagger.
The kobold shouts!
You hear a bark!
You see here a jackal corpse.
The jackal closely misses you.
Things that are here:
a +0 dagger; a goblin skeleton The jackal attacks as you move away!
The jackal bites you but does no damage.
The jackal bites you.
* * * LOW HITPOINT WARNING * * *
You hit the jackal.
The jackal is moderately wounded.
The jackal bites you.
* * * LOW HITPOINT WARNING * * *
The jackal barely misses you.
You closely miss the jackal.
The jackal is moderately wounded.
The jackal bites you.
You die...

#.......#.#.......#.#.#.
##.#.#.......#.#........
###.....#)..#.....#...#..
#....#....#....#....#....
#>#.....#...#....†#......
#.###.#.......#.#††...###
#.# #...#............$.#
#.# ######K.###.......#
#.#######@h)............#
#......#...##'''''##....#
###.##...###.......###...
#.##..##...........##..
#.#...##...........# ...
#.#..#######'''#######..
#.#..#K#...........#o#..
#.#..###..8.###.8..###..
#....#≈.............≈#..


You could see a jackal and a kobold.

Vanquished Creatures
  An endoplasm (D:1)
  A giant cockroach (D:1)
  2 goblins (D:1)
  6 jackals (D:1)
  A kobold (D:1)
  2 ball pythons (D:1)
  A bat (D:1)
  A rat (D:1)
15 creatures vanquished.

Notes
Turn   | Place    | Note
-------+----------+-------------------------------------------
     0 | D:1      | booth the Demonspawn Gladiator began the quest for the Orb.
     0 | D:1      | Reached XP level 1. HP: 16/16 MP: 1/1
    81 | D:1      | Noticed a great orb of eyes
    83 | D:1      | Found a faded altar of an unknown god.
    85 | D:1      | Noticed a great orb of eyes
    85 | D:1      | Noticed a golden eye
    85 | D:1      | Noticed an eye of devastation
   105 | D:1      | Prayed at the altar of an unknown god.
   105 | D:1      | Became a worshipper of Warmaster Okawaru
   105 | D:1      | Reached * piety under Okawaru
   137 | D:1      | Gained mutation: You have a pair of small antennae on your
                  | head. [demonic ancestry]
   137 | D:1      | Reached XP level 2. HP: 20/22 MP: 2/2
   293 | D:1      | Reached skill level 3 in Axes
   307 | D:1      | Slain by a jackal

Illustrated notes

Levels and vault maps discovered:
D:1:      lordsloth_arrival_two_stooges, layout_loops_cross,
          hellmonk_ecumenical_altar_watching_god,
          nicolae_kite_square_tiling_tiny, chequers_serial_rivers_large_a,
          minivault_19, minmay_3d_cube

Skill      XL: |  1  2 |
---------------+-------+-----
Throwing       | 2 |  2.1
Axes           | 3 |  3.0
Fighting       | |  2.3
Dodging        | |  2.9

Action                   || total
-------------------------++-------
Melee: War axe           ||    38
Armor: Leather armour    ||    28
Dodge: Dodged            ||    34
